AoeStats
← Retain Brain

QS Arena

503293576Analyzed
2v2 RM · 1mo ago on Aug 31, 2026· 22m 58s· 4 players
Game mode
Random Map
Map size
Medium (4 player)
Population
200
Speed
Normal
Resources
Standard
Victory
Conquest
Starting age
Dark Age
Ending age
Imperial Age
RankedLock teamsTeams togetherTeam positionsShared explorationLock speedFull tech treeHidden civsTurbo modeCheats
Victory
Defeat
🇺🇸 Cumans · United States
805
+16
🇺🇸 Celts · United States
737
+19
🇺🇸 Khmer · United States
847
-50
🇺🇸 Persians · United States
779
-33
Sgt Slater 17
8:39 Feudal Age
9:05 Double-Bit Axe
9:03 Horse Collar
10:50 Wheelbarrow
11:02 Loom
13:41 Gold Mining
14:24 Man-at-Arms
16:39 Scale Mail Armor
19:43 Forging
mike.bongi
3:19 Loom
8:54 Feudal Age
10:12 Wheelbarrow
9:19 Horse Collar
9:27 Double-Bit Axe
9:35 Gold Mining
14:24 Town Watch
18:56 Castle Age
17:17 Arson
18:16 Stone Mining
20:10 Hand Cart
19:42 Pikeman
20:40 Fletching
21:13 Town Patrol
21:48 Bow Saw
21:56 Fervor
Syncro Bull
7:54 Feudal Age
10:31 Double-Bit Axe
12:23 Horse Collar
14:22 Wheelbarrow
15:43 Gold Mining
15:50 Stone Mining
22:20 Castle Age
Retain Brain
0:27 Loom
7:56 Feudal Age
9:06 Wheelbarrow
8:20 Horse Collar
20:14 Castle Age
Connection lost

Rejoining the realm…

Still unreachable

The connection could not be restored.

Session expired

The server has moved on; the page needs a fresh start.